Map: Odyssey LE

Players

Juxtapose

  • Race: Terran Terran
  • League: Gold
  • Spawn Location: 11:00

serenitynow - Winner!

  • Race: Terran Terran
  • League: Platinum
  • Spawn Location: 5:00

VOD

https://youtu.be/uf6tvZtOI9Y

Description

Terran versus Terran is my worst match up with a sorry 0% win percentage. I don't know exactly what it is about this match up, but I simply can not do it.

In this game my opponent hit me with a single harassing Banshee, something I have no experience with and sadly, didn't know how to properly handle.

Time

  • Played on: Sept. 15, 2017, 9:10 p.m.
  • Length: 7:53
Show
View Real Time Build Order
Export as new Build Order

Juxtapose Terran 

Build Orders: MMM Bio 

Get SALT Encoding   

  12  0:01  SCV  
  13  0:13  SCV  
  14  0:21  Supply Depot  
  14  0:25  SCV  
  15  0:43  SCV  
  15  0:45  Barracks  
  15  0:48  Supply Depot  
  16  0:55  SCV  
  17  1:07  SCV  
  18  1:15  Refinery  
  18  1:19  Refinery  
  18  1:21  SCV  
  19  1:37  Orbital Command  
  19  1:56  Barracks Reactor  
  19  2:07  SCV, Supply Depot  
  20  2:19  SCV  
  21  2:30  Barracks  
  21  2:31  SCV  
  21  2:35  Marine x2, Factory  
  24  2:45  SCV  
  24  2:47  Supply Depot  
  25  2:53  Marine x2  
  25  2:57  SCV  
  28  3:08  Engineering Bay  
  28  3:09  SCV  
  29  3:13  Marine x2  
  31  3:20  Barracks Tech Lab  
  31  3:21  Factory Reactor  
  31  3:30  Command Center  
  31  3:34  Marine  
  31  3:35  Marine  
  31  3:41  Stimpack  
  33  3:59  Cyclone x2  
  33  4:00  Marine  
  33  4:01  Marine x2  
  42  4:15  Missile Turret  
  42  4:21  Marine x2  
  42  4:22  Marine  
  45  4:38  Supply Depot  
  45  4:42  Cyclone x2  
  45  4:44  Marine x3  
  54  4:51  Orbital Command  
  54  5:05  Marine x3  
  56  5:22  Marine  
  55  5:41  Combat Shields  
  55  5:48  Orbital Command  
  55  6:03  Cyclone x2  
  61  6:05  Marine  
  62  6:14  Orbital Command  
  62  6:44  Supply Depot  
  62  6:52  Missile Turret  
  62  7:06  SCV, Marine x2  
  65  7:12  Supply Depot  
  58  7:15  Missile Turret  
  58  7:18  SCV  
  41  7:24  Marine  
  30  7:30  SCV  
  30  7:34  Supply Depot  
  31  7:38  Missile Turret x2  
Show
View Real Time Build Order
Export as new Build Order

serenitynow Terran - Winner!

Build Orders: 1/1/1, Banshee Rush 

Get SALT Encoding   

  12  0:01  SCV  
  13  0:13  SCV  
  14  0:22  Supply Depot  
  14  0:25  SCV  
  15  0:43  SCV  
  15  0:46  Barracks  
  16  0:53  Refinery  
  16  0:55  SCV  
  17  0:57  Refinery  
  17  1:08  SCV  
  18  1:20  SCV  
  19  1:32  SCV  
  20  1:35  Supply Depot  
  20  1:42  Factory  
  20  1:47  Orbital Command  
  20  1:55  Supply Depot  
  20  2:15  SCV  
  21  2:27  SCV  
  21  2:28  Starport, Factory Tech Lab  
  22  2:39  Barracks Reactor  
  22  2:42  SCV  
  23  2:47  Supply Depot  
  23  2:53  Widow Mine  
  23  2:55  SCV  
  26  3:05  Starport Tech Lab  
  26  3:13  Engineering Bay  
  26  3:16  Marine x2  
  28  3:22  Siege Tank  
  31  3:32  Banshee  
  34  3:52  Marine x2  
  34  3:53  Widow Mine  
  38  3:57  Cloaking Field  
  38  4:15  Banshee  
  41  4:30  Command Center  
  41  4:31  Siege Tank  
  41  4:38  Marine x2  
  46  4:55  SCV  
  47  5:24  Liberator  
  47  5:41  SCV  
  51  5:53  SCV  
  52  6:02  Siege Tank  
  55  6:06  SCV  
  56  6:30  Marine x2  
  57  6:37  Liberator  
  57  6:40  Orbital Command  
  43  7:31  Marine  
  43  7:32  Marine  
Tags
 
Composition
MMM Bio
Matchup
TvT
Opening
1/1/1
Race
Terran
Spawn Locations
Cross Positions
Strategy
Banshee Rush
Add a new tag
Caveats
  • Supply blocks, unpowered buildings, or Contaminate may cause inaccurate times.
  • Supply counts are checked every 10 seconds.